 Dungeon Crawl Stone Soup version 0.24.1 (webtiles) character file.

Game seed: 12494293173092027015, levelgen mode: deterministic

200 nightchill the Chiller (level 5, -14/39 HPs)
             Began as a Merfolk Ice Elementalist on Mar 31, 2020.
             Demolished by an ogre
             ... wielding a cursed -3 giant club
              (17 damage)
             ... on level 4 of the Dungeon.
             The game lasted 00:11:03 (5828 turns).

nightchill the Chiller (Merfolk Ice Elementalist)   Turns: 5828, Time: 00:11:03

Health: -14/39     AC:  6    Str:  9    XL:     5   Next: 78%
Magic:  2/8        EV: 13    Int: 14    God:
Gold:   83         SH:  0    Dex: 15    Spells: 4/8 levels left

rFire    . . .     SeeInvis .   k - +0 spear
rCold    . . .     Gourm    .   (no shield)
rNeg     . . .     Faith    .   a - +0 robe
rPois    .         Spirit   .   u - +2 helmet
rElec    .         Reflect  .   h - +0 cloak
rCorr    .         Harm     .   (no gloves)
MR       .....                  (no boots)
Stlth    ++........             (no amulet)
HPRegen  0.13/turn              (no ring)
MPRegen  0.11/turn              (no ring)

@: very slightly contaminated
A: change form in water, swift swim, stealthy swim
a: no special abilities


You were on level 4 of the Dungeon.
You were near starving.

You visited 1 branch of the dungeon, and saw 4 of its levels.

You collected 83 gold pieces.

Inventory:

Hand Weapons
 d - a +0 short sword
 k - a +0 spear (weapon)
 o - a +2 dagger of holy wrath
 A - a +1 dagger of venom
Missiles
 f - 83 stones (quivered)
Armour
 a - a +0 robe (worn)
 h - a +0 cloak (worn)
 u - a +2 helmet (worn)
Jewellery
 b - a +4 ring of evasion {unknown}
Wands
 s - a wand of digging (2)
 B - a wand of paralysis (8)
Scrolls
 g - 5 scrolls of identify {unknown}
 i - a scroll of noise {unknown}
 j - 2 scrolls of magic mapping {unknown}
 m - 2 scrolls of amnesia {unknown}
 p - 2 scrolls of enchant armour {unknown}
 v - a scroll of enchant weapon {unknown}
 y - 2 scrolls of teleportation {unknown}
 z - a scroll of remove curse {unknown}
 C - a scroll of immolation {unknown}
 D - a scroll of fog {unknown}
Potions
 e - 2 potions of heal wounds {unknown}
 l - a potion of haste {unknown}
 n - 2 potions of brilliance {unknown}
 q - 3 potions of curing {unknown}
 r - a potion of degeneration {unknown}
 t - a potion of agility {unknown}
 w - a potion of ambrosia {unknown}
 x - 2 potions of flight {unknown}
Comestibles
 c - 5 rations


   Skills:
 + Level 2.4 Fighting
 * Level 4.2 Polearms
 - Level 2.6 Dodging
 - Level 2.1 Stealth
 - Level 2.0 Spellcasting
   Level 0.7 Conjurations
 * Level 5.2 Ice Magic


You had 4 spell levels left.
You knew the following spells:

 Your Spells              Type           Power        Failure   Level  Hunger
a - Freeze                Ice            ###.         2%          1    ##.....
b - Ozocubu's Armour      Chrm/Ice       #.......     24%         3    ####...

Your spell library contained the following spells:

 Spells                   Type           Power        Failure   Level  Hunger
 Throw Frost              Conj/Ice       #.....       11%         2    ###....
 Throw Icicle             Conj/Ice       #.......     56%         4    #####..
 Summon Ice Beast         Ice/Summ       #.......     63%         4    #####..


Dungeon Overview and Level Annotations

Branches:
Dungeon (4/15)
 Temple: D:4-7

Altars:
Cheibriados
Dithmenos
Uskayaw

Annotations:
D:3 exclusion: downstairs
D:4 1 transporter


Message History

Nothing appears to happen.
The ogre hits you with a cursed -3 giant club!
* * * LOW HITPOINT WARNING * * *
Casting: Freeze (safe; 2% risk of failure)
Confirm with . or Enter, or press ? or * to list all spells.
Aiming: Freeze (safe; 2% risk of failure)
Press: ? - help, Shift-Dir - straight line, f/p - ogre
Aim: an ogre, wielding a -3 giant club (heavily wounded)
You freeze the ogre.
The ogre is heavily wounded.
The ogre barely misses you.
Casting: Freeze (safe; 2% risk of failure)
Confirm with . or Enter, or press ? or * to list all spells.
Aiming: Freeze (safe; 2% risk of failure)
Press: ? - help, Shift-Dir - straight line, f/p - ogre
Aim: an ogre, wielding a -3 giant club (heavily wounded)
You freeze the ogre!
The ogre is almost dead.
The ogre hits you with a cursed -3 giant club!
You die...

#..©#©/+≈≈≈♣≈..+
#..#..#≈≈≈≈≈..# #
#.#8P#≈;;≈≈≈≈#
#.####.############
................
##...##.##..#
#####........$..##.##
..............!.....#
.####.....#.##@####.#
##....#.##O#
.######.#.#...?.
........#.####.####.
##.<#.####......
#..#...........
#....#########.
#..#.# #.##.#


You could see an ogre and 2 electric eels.

Vanquished Creatures
  Jessica (D:2)
  Robin (D:3)
  5 adders
  2 worms (D:2)
  A dart slug (D:2)
  3 leopard geckos
  4 orcs
  10 bats
  4 giant cockroaches
  11 goblins
  15 hobgoblins
  17 jackals
  3 quokkas (D:2)
  A ball python (D:4)
  8 frilled lizards
  4 kobolds
  5 rats
95 creatures vanquished.

Notes
Turn   | Place    | Note
-------+----------+-------------------------------------------
     0 | D:1      | nightchill the Merfolk Ice Elementalist began the quest for
                  | the Orb.
     0 | D:1      | Reached XP level 1. HP: 13/13 MP: 3/3
   433 | D:1      | Reached XP level 2. HP: 11/20 MP: 5/5
   736 | D:1      | Reached skill level 1 in Fighting
  1286 | D:1      | Reached skill level 4 in Ice Magic
  1398 | D:1      | Reached skill level 1 in Polearms
  1555 | D:2      | Reached XP level 3. HP: 26/26 MP: 6/6
  2268 | D:2      | Reached XP level 4. HP: 25/32 MP: 7/7
  2825 | D:2      | HP: 1/33 [poisoned by an adder]
  3590 | D:2      | Noticed Jessica
  3645 | D:2      | Killed Jessica
  3645 | D:2      | Reached XP level 5. HP: 30/38 MP: 8/8
  3723 | D:2      | Learned a level 3 spell: Ozocubu's Armour
  4202 | D:3      | Reached skill level 5 in Ice Magic
  4442 | D:3      | Noticed Robin
  4636 | D:3      | Found a snail-covered altar of Cheibriados.
  4661 | D:3      | Killed Robin
  5019 | D:3      | Found a hide-covered altar of Uskayaw.
  5019 | D:3      | Noticed a +0 dagger
  5020 | D:3      | Noticed a +0 hand axe
  5248 | D:3      | Found a shadowy altar of Dithmenos.
  5799 | D:4      | Found a transporter.
  5818 | D:4      | Noticed an ogre
  5828 | D:4      | Demolished by an ogre

Levels and vault maps discovered:
D:1:      matt_arrival_spirals, layout_basic
D:2:      minmay_angry_zag, layout_loops_ring, nicolae_underground_beach,
          uniq_jessica
D:3:      layout_loops_ring, grunt_dithmenos_smoke, dancing_weapons_uskayaw,
          lemuel_altar_in_water, uniq_robin
D:4:      gammafunk_steamed_eel, layout_loops_ring, lemuel_doored_altar,
          serial_shops, kennysheep_mini, hellmonk_ghost_happy_afterlife,
          nemelex_spade_bored_becter, uniq_sigmund, uniq_natasha

Skill      XL: |  1  2  3  4  5 |
---------------+----------------+-----
Fighting       | 1 2 |  2.4
Ice Magic      | 4 5 |  5.2
Polearms       | 1 2 3 4 |  4.2
Dodging        | |  2.6
Stealth        | |  2.1
Spellcasting   | |  2.0
Conjurations   | |  0.7

Action                   |  1- 3 |  4- 6 || total
-------------------------+-------+-------++-------
Melee: Unarmed           |    30 |       ||    30
       Short sword       |    27 |       ||    27
       Spear             |   105 |   289 ||   394
       Tailslap          |       |     1 ||     1
 Cast: Freeze            |     7 |    26 ||    33
       Ozocubu's Armour  |       |     2 ||     2
 Stab: Sleeping          |     4 |     8 ||    12
  Eat: Chunk             |     4 |    11 ||    15
Armor: Robe              |    46 |    58 ||   104
Dodge: Dodged            |   139 |   192 ||   331
